Map: New Repugnancy LE

Players

BOOOOOOOOOoM - Winner!

  • Race: Zerg Zerg
  • League: Master
  • Spawn Location: 1:00

DarkAngelGH

  • Race: Terran Terran
  • League: Master
  • Spawn Location: 7:00

VOD

Have the link to the VOD?

Description

boooooooooom

Time

  • Played on: April 6, 2019, 3:01 p.m.
  • Length: 12:55
Show
View Real Time Build Order
Export as new Build Order

BOOOOOOOOOoM Zerg - Winner!

Build Orders: Hatch First 

Get SALT Encoding   

  12  0:00  Drone  
  13  0:12  Overlord  
  13  0:17  Drone  
  14  0:30  Drone x2  
  16  0:49  Hatchery  
  15  0:51  Drone  
  15  0:55  Drone  
  17  0:58  Drone  
  18  1:13  Extractor  
  18  1:14  Spawning Pool  
  18  1:16  Drone  
  17  1:20  Drone  
  18  1:28  Drone  
  19  1:43  Overlord  
  19  2:00  Queen  
  19  2:01  Queen  
  23  2:02  Zergling x6  
  26  2:15  Metabolic Boost  
  26  2:17  Drone x2  
  28  2:29  Drone  
  29  2:30  Drone  
  30  2:48  Drone x4  
  34  2:54  Drone, Hatchery  
  34  2:55  Drone  
  34  3:05  Drone x2  
  36  3:16  Overlord  
  36  3:34  Queen x2  
  36  3:39  Drone  
  36  3:40  Drone x3  
  42  3:43  Drone x2  
  42  3:45  Overlord  
  44  3:54  Evolution Chamber  
  44  3:55  Drone  
  44  4:02  Baneling Nest  
  43  4:07  Drone x6  
  43  4:08  Queen  
  51  4:16  Drone  
  52  4:21  Drone x2  
  53  4:26  Evolution Chamber  
  43  4:40  Drone x6  
  50  4:46  Lair  
  50  4:53  Zergling x14  
  50  4:56  Zerg Melee Weapons Level 1  
  50  4:59  Zergling x2  
  58  5:04  Extractor  
  57  5:14  Drone  
  57  5:16  Overlord x2  
  57  5:17  Overlord x2, Hatchery  
  51  5:43  Drone x12  
  63  5:50  Spore Crawler  
  63  5:51  Spore Crawler  
  63  5:54  Drone  
  63  5:55  Drone x6  
  68  5:58  Drone  
  68  6:00  Drone  
  68  6:04  Drone x3  
  71  6:05  Centrifical Hooks  
  73  6:12  Drone x2  
  73  6:17  Extractor  
  74  6:19  Drone x5  
  74  6:24  Overlord  
  79  6:30  Hatchery  
  79  6:31  Drone x4  
  79  6:32  Drone x4  
  86  6:34  Extractor  
  86  6:37  Extractor  
  86  6:38  Extractor  
  83  6:41  Drone x4  
  83  6:44  Queen  
  89  6:53  Zergling x14  
  96  6:55  Overlord  
  96  7:06  Overlord  
  96  7:07  Overlord  
  96  7:12  Drone  
  96  7:13  Drone x6  
  101  7:24  Drone x4  
  101  7:25  Drone x2  
  105  7:36  Drone  
  107  7:37  Drone x5  
  107  7:43  Hatchery  
  110  7:44  Extractor  
  110  7:45  Extractor  
  110  7:49  Infestation Pit  
  107  7:52  Zergling x2  
  107  7:53  Zergling x16  
  116  8:04  Hatchery  
  115  8:10  Zergling x8  
  115  8:11  Zergling x18  
  126  8:16  Zerg Melee Weapons Level 2  
  126  8:18  Overlord x2  
  126  8:19  Overlord  
  126  8:21  Overlord x2  
  126  8:27  Hive  
  126  8:33  Overlord  
  126  8:36  Baneling x14  
  126  8:38  Baneling  
  126  8:39  Baneling x11  
  126  8:41  Baneling x20  
  126  8:42  Baneling x16  
  126  8:44  Pneumatized Carapace  
  126  8:45  Burrow  
  126  8:48  Drone x12  
  131  8:49  Drone  
  117  9:20  Zergling x2  
  117  9:21  Zergling x38  
  118  9:32  Zergling x6  
  121  9:42  Drone x7  
  121  9:43  Drone x6  
  134  9:50  Ultralisk Cavern  
  133  9:53  Baneling x6  
  133  9:54  Baneling x25  
  117  10:17  Zergling x24  
  117  10:18  Zergling x26  
  117  10:20  Queen x5  
  117  10:21  Queen x2  
  149  10:25  Extractor  
  149  10:27  Extractor, Zergling x4  
  148  10:34  Zergling x20  
  148  10:35  Zergling x4  
  141  10:54  Zergling x24  
  141  10:55  Zergling x8  
  157  10:57  Baneling  
  157  10:58  Baneling x27  
  157  10:59  Baneling x8  
  157  11:11  Drone x4  
  160  11:12  Drone x2  
  163  11:19  Baneling x15  
  163  11:20  Baneling x14  
  163  11:22  Zergling x28  
  163  11:25  Baneling x11  
  177  11:26  Baneling x4  
  174  11:36  Zergling x24  
  181  11:43  Zergling x10  
  181  11:44  Zergling x10  
  163  12:09  Drone x19  
  163  12:12  Extractor x2  
  174  12:19  Zergling x2  
  174  12:20  Zergling x4  
  177  12:26  Zergling x2  
  177  12:27  Zergling x10  
  183  12:30  Baneling x20  
  183  12:31  Baneling x30  
  183  12:32  Baneling x7  
Show
View Real Time Build Order
Export as new Build Order

DarkAngelGH Terran 

Build Orders: Liberator Opening, Reaper Expand 

Get SALT Encoding   

  12  0:01  SCV  
  13  0:13  SCV  
  14  0:18  Supply Depot  
  14  0:25  SCV  
  15  0:39  SCV  
  15  0:40  Barracks  
  16  0:51  Refinery  
  16  0:52  SCV  
  17  1:04  SCV  
  18  1:16  SCV  
  19  1:30  Orbital Command  
  19  1:34  Reaper  
  20  1:44  Command Center  
  20  1:55  SCV  
  20  2:00  Supply Depot  
  21  2:07  SCV  
  22  2:14  Factory  
  22  2:15  Refinery  
  22  2:19  SCV  
  23  2:30  Barracks Reactor  
  23  2:32  SCV  
  24  2:44  SCV  
  25  2:55  Bunker  
  25  2:56  SCV  
  26  3:02  SCV  
  26  3:10  Starport, SCV  
  26  3:11  Hellion  
  26  3:12  Hellion  
  31  3:15  SCV  
  31  3:17  Barracks Reactor  
  32  3:23  SCV  
  32  3:33  Hellion x2  
  36  3:34  Liberator  
  36  3:35  SCV  
  36  3:48  Orbital Command  
  36  3:53  SCV  
  40  4:05  SCV  
  40  4:06  Marine  
  40  4:07  Marine  
  43  4:11  Barracks  
  43  4:17  SCV  
  43  4:18  Supply Depot, SCV  
  45  4:29  SCV  
  46  4:34  SCV  
  43  4:41  SCV  
  43  4:43  Hellion x2  
  43  4:45  Starport Reactor  
  44  4:46  Marine x2, SCV  
  44  4:51  Supply Depot  
  47  4:53  SCV  
  47  4:58  Barracks Tech Lab, SCV  
  49  5:04  Marine  
  49  5:05  Hellion, SCV  
  53  5:10  SCV, Command Center  
  53  5:13  Marine  
  55  5:15  Barracks  
  55  5:16  Stimpack  
  55  5:18  SCV  
  55  5:20  Supply Depot  
  56  5:22  SCV  
  56  5:27  Marine  
  58  5:30  SCV  
  58  5:34  SCV  
  60  5:41  Marine  
  60  5:42  SCV  
  58  5:46  Hellion x2, SCV  
  58  5:48  Marine, Medivac x2  
  58  5:49  Marine  
  68  5:54  SCV  
  68  5:55  Refinery x2  
  70  5:59  Marine  
  70  6:00  SCV  
  70  6:02  Barracks  
  69  6:05  Supply Depot  
  69  6:07  Barracks Reactor  
  69  6:09  Marine, Engineering Bay  
  70  6:20  Marine, SCV x2  
  70  6:21  Supply Depot  
  70  6:23  Marine  
  74  6:29  Marine  
  74  6:32  SCV x2, Medivac  
  77  6:34  Barracks  
  77  6:38  Marauder  
  81  6:40  Terran Infantry Weapons Level 1  
  81  6:42  Orbital Command  
  81  6:48  SCV x2  
  83  6:56  Marine, Barracks Reactor  
  83  6:57  Widow Mine x2  
  83  6:59  Marauder  
  83  7:00  Refinery, SCV x2  
  92  7:03  Marine x2  
  92  7:04  Marine  
  95  7:10  SCV  
  95  7:12  SCV  
  91  7:18  Widow Mine x2  
  92  7:28  Marine  
  92  7:29  SCV  
  89  7:30  SCV  
  89  7:31  Refinery  
  89  7:32  Barracks Tech Lab, Marauder, Combat Shield, Marine  
  89  7:35  Marine  
  94  7:39  Engineering Bay  
  94  7:40  Widow Mine x2  
  94  7:42  Armory  
  99  7:44  SCV  
  99  7:54  Marauder, Marine  
  102  8:10  Marine  
  102  8:11  Marauder, Marine x2  
  105  8:15  Marauder, Command Center, SCV  
  105  8:17  Sensor Tower  
  105  8:18  Missile Turret, Supply Depot  
  105  8:19  Supply Depot  
  108  8:20  Supply Depot  
  108  8:24  Widow Mine, Marine  
  108  8:25  Terran Infantry Armor Level 1  
  111  8:27  Marine  
  111  8:28  Supply Depot, Marine, Factory  
  111  8:32  Marauder  
  115  8:34  Marine  
  115  8:38  Marine  
  115  8:40  Marauder  
  119  8:45  Terran Vehicle Weapons Level 1  
  119  8:47  Marine x3  
  122  8:50  Medivac x2  
  122  8:51  Starport, Concussive Shells, Barracks  
  122  8:54  Marauder  
  128  9:00  Marine  
  128  9:01  Marauder  
  123  9:04  Sensor Tower  
  123  9:08  Marine  
  123  9:09  Marine x2  
  126  9:15  Marauder  
  98  9:22  Marine  
  98  9:23  Marauder, Marine  
  98  9:24  Missile Turret  
  87  9:33  Marine  
  87  9:34  Marine  
  87  9:36  Marauder  
  87  9:38  Factory Tech Lab  
  87  9:41  Barracks Reactor  
  87  9:44  Marauder, Starport Reactor  
  85  9:46  Marine  
  85  9:51  Marine  
  87  9:58  Marauder, SCV x2  
  91  10:05  Marauder  
  81  10:19  Marauder, Marine x2  
  81  10:20  Marine x2  
  80  10:23  Marine  
  80  10:27  Marauder  
  83  10:36  Marine  
  83  10:38  Widow Mine x2  
  83  10:41  Marauder  
  89  10:48  Marauder, Marine  
  83  10:55  Widow Mine  
  74  10:58  Drilling Claws  
  74  10:59  Widow Mine  
  74  11:00  Widow Mine  
  74  11:02  Marauder  
  80  11:16  Widow Mine, Command Center  
  83  11:18  SCV  
  83  11:19  SCV  
  83  11:20  Widow Mine  
  86  11:26  Widow Mine, Marine x2  
  86  11:28  Marine  
  86  11:29  Marine  
  86  11:30  SCV  
  86  11:31  Marine  
  93  11:38  Widow Mine  
  93  11:45  Orbital Command  
  87  11:55  Marine  
  87  11:56  Marauder x2, Marine x2  
  87  11:58  Marine  
  75  12:04  Marine  
  75  12:08  Marine  
  76  12:13  Marine  
  67  12:17  Marauder  
  67  12:20  Marine  
  70  12:27  SCV  
Tags
 
Add a new tag
Caveats
  • Supply blocks, unpowered buildings, or Contaminate may cause inaccurate times.
  • Supply counts are checked every 10 seconds.